 Dungeon Crawl Stone Soup version 0.19.1 (webtiles) character file.

37 Darkmans the Sneak (level 3, 0/18 HPs)
             Began as a Spriggan Assassin on Nov 30, 2016.
             Succumbed to a kobold's poison
             ... on level 1 of the Dungeon.
             The game lasted 00:04:23 (1260 turns).

Darkmans the Sneak (Spriggan Assassin)              Turns: 1260, Time: 00:04:24

Health: 0/18       AC:  3    Str:  4 (7)  XL:     3   Next: 23%
Magic:  4/4        EV: 23    Int:  9 (12) God:
Gold:   34         SH:  0    Dex: 20 (23) Spells: 0 memorised, 2 levels left

rFire  . . .     SeeInvis +     a - +2 dagger
rCold  . . .     Gourm    .     c - +0 robe
rNeg   . . .     Faith    .     (shield restricted)
rPois  .         Spirit   .     (helmet restricted)
rElec  .         Reflect  .     d - +0 cloak
rCorr  .         Harm     .     (gloves unavailable)
MR     .....                    (boots unavailable)
Stlth  +++++.....               (no amulet)
                                (no ring)
                                (no ring)

@: agile, lethally poisoned (0 -> -7), very quick
A: unfitting armour, see invisible, herbivore 3, speed 3, slow metabolism 2
a: no special abilities


You were on level 1 of the Dungeon.
You were not hungry.

You visited 1 branch of the dungeon, and saw 1 of its levels.

You collected 34 gold pieces.

Inventory:

Hand Weapons
 a - a +2 dagger (weapon)
 b - a +0 blowgun
Missiles
 e - 8 poisoned needles
 f - 2 curare-tipped needles
Armour
 c - a +0 robe (worn)
 d - a +0 cloak (worn)
Scrolls
 h - a scroll of immolation
 i - a scroll of identify
 k - a scroll of remove curse {unknown}
 m - a scroll of teleportation {unknown}
 n - a scroll of enchant weapon {unknown}
 o - a scroll of enchant armour {unknown}
Potions
 j - a potion of cancellation
Comestibles
 g - a bread ration


   Skills:
 - Level 1.8 Fighting
 + Level 3.1 Short Blades
 - Level 2.1 Throwing
 + Level 2.4 Dodging
 - Level 6.2 Stealth


You had 2 spell levels left.
You didn't know any spells.

Dungeon Overview and Level Annotations

Branches:
Dungeon (1/15)

Altars:


Innate Abilities, Weirdness & Mutations

You are very small and have problems with some larger weapons.
You are too small for most types of armour.
You have supernaturally acute eyesight. (SInv)
You are a herbivore.
You cover ground extremely quickly.
You need consume almost no food.


Message History

You feel sick.
You feel sick.
* * * LOW HITPOINT WARNING * * *
You feel sick.
Things that are here:
a dagger of venom; 3 stones It was a potion of degeneration.
There was something very wrong with that liquid.
You feel weakened.
You feel dopey.
You feel clumsy.
* * * LOW HITPOINT WARNING * * *
You feel sick.
It was a potion of agility.
You feel agile all of a sudden.
* * * LOW HITPOINT WARNING * * *
You feel sick.
* * * LOW HITPOINT WARNING * * *
You feel sick.
* * * LOW HITPOINT WARNING * * *
You feel sick.
You die...

..#.#.#.............# ..........#
..).................# .....##...#
........#.#.##......#......##...#
........#(#.##......#...... #...#
........#.#.........#...### ##..#
.)......#.##............ #..#
....#.....†+............ +.†#
.....(....##..÷......... #..#
................@....... . #...
......#)....###......... ....##..
.....##.....# #........>.........
............'%...................
.......#....#........####........
.......+....#........# ........#
####...#....#.......## .....#+##
'...........#.......# ..... #
############# ..... #


There were no monsters in sight!

Vanquished Creatures
  A dart slug (D:1)
  3 bats (D:1)
  5 giant cockroaches (D:1)
  5 hobgoblins (D:1)
  5 kobolds (D:1)
  3 frilled lizards (D:1)
  6 goblins (D:1)
28 creatures vanquished.

Notes
Turn   | Place    | Note
-------+----------+-------------------------------------------
     0 | D:1      | Darkmans the Spriggan Assassin began the quest for the Orb.
     0 | D:1      | Reached XP level 1. HP: 10/10 MP: 2/2
    47 | D:1      | Reached skill level 6 in Stealth
    92 | D:1      | Reached XP level 2. HP: 13/15 MP: 3/3
   982 | D:1      | Reached XP level 3. HP: 18/18 MP: 4/4
  1260 | D:1      | Succumbed to a kobold's poison

Skill      XL: |  1  2  3 |
---------------+----------+-----
Stealth        | 6 |  6.2
Dodging        | 2 |  2.4
Short Blades   | 3 |  3.1
Fighting       | |  1.8
Throwing       | |  2.1

Action                   || total
-------------------------++-------
Melee: Dagger            ||   120
  Use: Scroll            ||     2
       Potion            ||     3
 Stab: Sleeping          ||     5
       Distracted        ||     1
Armor: Robe              ||    16
Dodge: Dodged            ||   113
